 Dungeon Sprint DCSS version 0.24.0-125-gc4c63601f3 (webtiles) character file.

Game seed: 6949238500015549162, levelgen mode: deterministic

5880 McKennaii the Impaler (level 10, -1/86 HPs)
             Began as a Demonspawn Fighter on Feb 29, 2020.
             Was the Champion of Cheibriados.
             Slain by a catoblepas (8 damage)
             ... while petrified by you
             ... in the Dungeon (Sprint IX: "|||||||||||||||||||||||||||||").
             The game lasted 00:08:00 (1574 turns).

McKennaii the Impaler (Demonspawn Fighter)          Turns: 1574, Time: 00:08:00

Health: -1/86      AC:  9    Str: 37    XL:     10   Next: 52%
Magic:  0/15       EV:  2    Int: 25    God:    Cheibriados [******]
Gold:   15         SH:  0    Dex: 28    Spells: 9/9 levels left

rFire    + . .     SeeInvis .   p - +2 halberd (venom)
rCold    . . .     Gourm    .   (shield currently unavailable)
rNeg     + + +     Faith    .   v - +0 steam dragon scales
rPois    ∞         Spirit   +   (no helmet)
rElec    .         Reflect  .   (no cloak)
rCorr    .         Harm     .   q - +0 pair of gloves
MR       .....     NoTele   +   r - +0 pair of boots
Stlth    +++.......             (no amulet)
HPRegen  0.24/turn              s - +3 ring of strength
MPRegen  0.28/turn              t - +2 ring of evasion

@: petrified, very slow
A: hooves 1, repulsion field 2, fire resistance 1, magic shield, magic
regeneration, flame cloud immunity
a: Bend Time, Temporal Distortion, Slouch, Step From Time, Renounce Religion


You were in the Dungeon.
You worshipped Cheibriados.
Cheibriados was exalted by your worship.
You were not hungry.

You visited 1 branch You collected 15 gold pieces.

Inventory:

Hand Weapons
 a - a +0 trident
 p - a +2 halberd of venom (weapon)
Armour
 c - a +0 shield
 q - a +0 pair of gloves (worn)
 r - a +0 pair of boots (worn)
 v - +0 steam dragon scales (worn)
Jewellery
 s - a +3 ring of strength (left hand)
 t - a +2 ring of evasion (right hand)
Wands
 b - a wand of enslavement (8)
 o - a wand of acid (10)
Scrolls
 k - 3 scrolls of blinking
 m - 3 scrolls of remove curse
 n - 2 scrolls of amnesia
 x - 4 scrolls of enchant armour
 y - a scroll of fear
 z - a scroll of fog
Potions
 d - a potion of might
 e - 5 potions of curing
 h - a potion of haste
 i - 4 potions of magic
 j - 3 potions of berserk rage
 l - a potion of invisibility
 u - 3 potions of heal wounds
 w - 2 potions of agility
Comestibles
 f - 2 rations


   Skills:
 + Level 10.6 Fighting
 * Level 16.6 Polearms
 + Level 7.6 Armour
 + Level 5.3 Dodging
 + Level 4.3 Stealth
 + Level 6.3 Shields
 * Level 7.2 Invocations


You had 9 spell levels left.
You didn't know any spells.
Your spell library was empty.

Dungeon Overview and Level Annotations

Branches:
Dungeon (1/1)

Altars:
Cheibriados
Dithmenos
Elyvilon
Fedhas
Gozag
Hepliaklqana
Kikubaaqudgha
Makhleb
Nemelex Xobeh
Okawaru
Qazlal
Ru
Sif Muna
Trog
Uskayaw
Vehumet
Wu Jian
Xom
Yredelemnul
Zin
The Shining One
Beogh
Jiyva
Lugonu


Innate Abilities, Weirdness & Mutations

You have large cloven feet.
You are surrounded by a moderate repulsion field. (EV +3)
Your flesh is heat resistant. (rF+)
When hurt, damage is shared between your health and your magic reserves.
You regenerate magic rapidly.
You are immune to clouds of flame.


Message History

You are engulfed in calcifying dust.
The catoblepas gores you!!
* * * LOW HITPOINT WARNING * * *
You are engulfed in calcifying dust.
The catoblepas gores you!
* * * LOW HITPOINT WARNING * * *
You are engulfed in calcifying dust.
The catoblepas gores you!!
* * * LOW HITPOINT WARNING * * *
You are engulfed in calcifying dust.
The catoblepas gores you but does no damage.
The catoblepas breathes a plume of calcifying dust at you.
The blast of calcifying dust hits the yak!
The blast of calcifying dust hits the catoblepas.
The blast of calcifying dust hits you.
* * * LOW HITPOINT WARNING * * *
The yak is engulfed in calcifying dust.
The yak is no longer petrified.
The catoblepas breathes a plume of calcifying dust at you.
The blast of calcifying dust hits you.
* * * LOW HITPOINT WARNING * * *
You are engulfed in calcifying dust.
The catoblepas gores you!!
You die...

▓[▓.▓
▓.▓.▓.▓
▓[▓.▓.▓
▓)▓.▓Y▓
▓|▓.▓Y▓
▓.▓.▓Y▓
▓.▓.▓Y▓
▓'▓.▓Y▓
▓_▓.▓@▓
▓_▓.▓§▓
▓_▓.▓§▓
▓_▓.▓.▓
▓_▓.▓.▓
▓_▓.▓.▓
▓_▓.▓.▓
▓_▓.▓.▓
▓_▓.▓.▓


You could see 2 catoblepae.

Vanquished Creatures
  A catoblepas (D)
  A death yak (D)
  An ugly thing (D)
  A manticore (D)
  Psyche (D)
  A spiny frog (D)
  2 komodo dragons (D)
  A meliai (D)
  A polar bear (D)
  A blink frog (D)
  A hippogriff (D)
  3 yaks (D)
  A steam dragon (D)
  A hungry ghost (D)
  3 water moccasins (D)
  3 porcupines (D)
  An ogre (D)
  A centaur (D)
  A phantom (D)
  3 crocodiles (D)
  3 bullfrogs (D)
  A wight (D)
  A howler monkey (D)
  A jelly (D)
  A dart slug (D)
  A ball python (D)
  2 goblins (D)
  A jackal (D)
  A ball python skeleton (D)
  A kobold (D)
  A quokka skeleton (D)
  A rat (D)
44 creatures vanquished.

Notes
Turn   | Place    | Note
-------+----------+-------------------------------------------
     0 | D        | McKennaii the Demonspawn Fighter began the quest for the
                  | Orb.
     0 | D        | Reached XP level 1. HP: 18/18 MP: 1/1
     9 | D        | Reached skill level 2 in Polearms
   155 | D        | Noticed a howler monkey
   155 | D        | Noticed a centaur
   157 | D        | Gained mutation: When hurt, damage is shared between your
                  | health and your magic reserves. [demonic ancestry]
   157 | D        | Reached XP level 2. HP: 25/25 MP: 2/2
   171 | D        | Killed a centaur
   171 | D        | Reached skill level 5 in Fighting
   171 | D        | Reached skill level 5 in Polearms
   171 | D        | Reached skill level 1 in Dodging
   171 | D        | Gained mutation: You are surrounded by a mild repulsion
                  | field. (EV +2) [demonic ancestry]
   171 | D        | Reached XP level 3. HP: 12/33 MP: 0/3
   171 | D        | Gained mutation: You have large cloven feet. [demonic
                  | ancestry]
   171 | D        | Reached XP level 4. HP: 15/39 MP: 0/4
   213 | D        | Found a roughly hewn altar of Beogh.
   213 | D        | Found a snail-covered altar of Cheibriados.
   213 | D        | Found a shadowy altar of Dithmenos.
   213 | D        | Found a white marble altar of Elyvilon.
   213 | D        | Found a blossoming altar of Fedhas.
   213 | D        | Found an opulent altar of Gozag.
   214 | D        | Found a hazy altar of Hepliaklqana.
   215 | D        | Found a viscous altar of Jiyva.
   216 | D        | Found an ancient bone altar of Kikubaaqudgha.
   217 | D        | Became a worshipper of Cheibriados the Contemplative
   218 | D        | Found a corrupted altar of Lugonu.
   219 | D        | Found a burning altar of Makhleb.
   220 | D        | Found a sparkling altar of Nemelex Xobeh.
   221 | D        | Found an iron altar of Okawaru.
   222 | D        | Found a stormy altar of Qazlal.
   223 | D        | Found a sacrificial altar of Ru.
   224 | D        | Found a shimmering blue altar of Sif Muna.
   225 | D        | Found a bloodstained altar of Trog.
   226 | D        | Found a hide-covered altar of Uskayaw.
   227 | D        | Found a radiant altar of Vehumet.
   228 | D        | Found an ornate altar of the Wu Jian Council.
   229 | D        | Found a shimmering altar of Xom.
   230 | D        | Found a basalt altar of Yredelemnul.
   231 | D        | Found a glowing silver altar of Zin.
   232 | D        | Found a glowing golden altar of the Shining One.
   399 | D        | Noticed a hungry ghost
   399 | D        | Noticed a steam dragon
   399 | D        | Noticed an ogre
   399 | D        | Noticed a phantom
   405 | D        | Killed a phantom
   405 | D        | Reached skill level 7 in Polearms
   405 | D        | Reached skill level 5 in Armour
   405 | D        | Gained mutation: Your flesh is heat resistant. (rF+)
                  | [demonic ancestry]
   405 | D        | Reached XP level 5. HP: 40/46 MP: 5/5
   408 | D        | Killed an ogre
   408 | D        | Reached skill level 8 in Polearms
   408 | D        | Reached skill level 5 in Shields
   408 | D        | Gained mutation: You regenerate magic rapidly. [demonic
                  | ancestry]
   408 | D        | Reached XP level 6. HP: 46/53 MP: 6/6
   410 | D        | Reached * piety under Cheibriados
   412 | D        | Killed a steam dragon
   412 | D        | Reached skill level 9 in Polearms
   412 | D        | Reached skill level 1 in Stealth
   415 | D        | Killed a hungry ghost
   415 | D        | Reached ** piety under Cheibriados
   415 | D        | Reached skill level 10 in Polearms
   415 | D        | Reached XP level 7. HP: 28/60 MP: 5/7
   556 | D        | Noticed a meliai
   556 | D        | Noticed a yak
   556 | D        | Noticed a hippogriff
   556 | D        | Noticed a purple ugly thing
   556 | D        | Noticed a manticore
   567 | D        | Killed a manticore
   567 | D        | Reached *** piety under Cheibriados
   567 | D        | Reached skill level 11 in Polearms
   568 | D        | Killed a purple ugly thing
   568 | D        | Reached skill level 12 in Polearms
   568 | D        | Gained mutation: You are immune to clouds of flame.
                  | [demonic ancestry]
   568 | D        | Reached XP level 8. HP: 24/68 MP: 1/8
   576 | D        | Killed a hippogriff
   576 | D        | Reached **** piety under Cheibriados
   583 | D        | Killed a meliai
   583 | D        | Reached skill level 13 in Polearms
   876 | D        | Noticed Psyche
   882 | D        | Killed Psyche
   882 | D        | Gained mutation: You are surrounded by a moderate repulsion
                  | field. (EV +3) [demonic ancestry]
   882 | D        | Reached XP level 9. HP: 72/76 MP: 9/9
   946 | D        | Noticed a komodo dragon
   951 | D        | Reached ***** piety under Cheibriados
   951 | D        | Reached skill level 1 in Invocations
   960 | D        | Killed a komodo dragon
   960 | D        | Reached skill level 14 in Polearms
   971 | D        | Reached ****** piety under Cheibriados
  1010 | D        | Noticed a polar bear
  1258 | D        | Killed a polar bear
  1258 | D        | Reached skill level 15 in Polearms
  1264 | D        | Noticed a komodo dragon
  1264 | D        | Noticed a spiny frog
  1266 | D        | Killed a spiny frog
  1271 | D        | Killed a komodo dragon
  1271 | D        | Reached skill level 5 in Invocations
  1271 | D        | Reached XP level 10. HP: 43/85 MP: 6/13
  1276 | D        | Noticed a death yak
  1278 | D        | Reached skill level 10 in Fighting
  1290 | D        | Killed a death yak
  1290 | D        | Reached skill level 16 in Polearms
  1290 | D        | Reached skill level 5 in Dodging
  1536 | D        | Noticed a catoblepas
  1536 | D        | Noticed a catoblepas
  1536 | D        | Noticed a catoblepas
  1553 | D        | Killed a catoblepas
  1558 | D        | Noticed a death yak
  1559 | D        | Noticed a death yak
  1574 | D        | Slain by a catoblepas

Levels and vault maps discovered:
D:        linesprint [early_d, line_temple, items_1, d_10, items_2, lair_1,
          lair_end, items_3, orc_1, orc_end, items_4, d_15, swamp_1, shoals_1,
          snake_1, spider_1, d_20, vaults_1, items_5, swamp_end, shoals_end,
          snake_end, spider_end, vaults_end, d_27, items_6, zot_1, zot_end,
          crypt_end, forest_end, elf_end, slime_end, tomb_end, abyss_end,
          pan_hell_end]

Skill      XL: |  1  2  3  4  5  6  7  8  9 10 |
---------------+-------------------------------+-----
Polearms       | 2 5 7 8 10 12 13 15 16 | 16.6
Armour         | 3 4 5 6 7 |  7.6
Shields        | 3 4 5 6 |  6.3
Fighting       | 5 6 7 8 9 10 | 10.6
Dodging        | 1 2 3 4 5 |  5.3
Stealth        | 1 2 3 4 |  4.3
Invocations    | 5 7 |  7.2

Action                   |  1- 3 |  4- 6 |  7- 9 | 10-12 || total
-------------------------+-------+-------+-------+-------++-------
Melee: Trident           |    32 |     5 |       |       ||    37
       Halberd           |       |    16 |    71 |    39 ||   126
       Kick              |       |     1 |       |       ||     1
  Use: Potion            |       |       |     3 |     1 ||     4
 Stab: Sleeping          |       |       |     1 |       ||     1
       Petrified         |       |       |       |     5 ||     5
  Eat: Chunk             |       |       |     1 |       ||     1
Armor: Scale mail        |    13 |     3 |       |       ||    16
       Steam dragon scal |       |       |     6 |     6 ||    12
Dodge: Dodged            |     6 |     6 |    41 |    13 ||    66
Block: Shield            |    10 |     3 |       |       ||    13
